 Dungeon Crawl Stone Soup version 0.23-a0-712-g3a644c0 (console) character file.

397 Duffy the Thaumaturge (level 6, 0/32 HPs)
             Began as a Deep Elf Fire Elementalist on Jan 15, 2019.
             Slain by a bullfrog (3 damage)
             ... on level 6 of the Dungeon.
             The game lasted 00:02:54 (1868 turns).

Duffy the Thaumaturge (Deep Elf Fire Elementalist)  Turns: 1868, Time: 00:02:55

Health: 0/32       AC:  4    Str:  7    XL:     6   Next: 53%
Magic:  6/21       EV: 13    Int: 22    God:
Gold:   64         SH:  0    Dex: 15    Spells: 15/25 levels left

rFire    . . .     SeeInvis .   l - +2 dagger "Raibo" {pierce, Str+2, !a}
rCold    . . .     Gourm    .   (no shield)
rNeg     . . .     Faith    .   a - +0 robe
rPois    .         Spirit   .   (no helmet)
rElec    .         Reflect  .   (no cloak)
rCorr    .         Harm     .   m - +1 pair of gloves of Fun and Games {MR+}
MR       +....                  (no boots)
Stlth    ++........             (no amulet)
HPRegen  0.10/turn              (no ring)
MPRegen  0.17/turn              (no ring)

@: no status effects
A: no striking features
a: no special abilities


You were on level 6 of the Dungeon.
You were hungry.

You visited 1 branch of the dungeon, and saw 6 of its levels.

You collected 64 gold pieces.

Inventory:

Hand Weapons
 l - the +2 dagger "Raibo" (weapon) {pierce, Str+2, !a}
   (You found it on level 6 of the Dungeon)

   It inflicts extra damage upon your enemies.
   It affects your strength (+2).
Armour
 a - a +0 robe (worn)
 m - the +1 pair of gloves of Fun and Games (worn) {MR+}
   (You found it on level 6 of the Dungeon)

   It affects your resistance to hostile enchantments.
Scrolls
 b - 4 scrolls of identify {unknown}
 e - a scroll of remove curse {unknown}
 i - a scroll of fear {unknown}
Potions
 g - a potion of heal wounds {unknown}
 h - a potion of curing
 j - a potion of lignification {unknown}
 k - a potion of might {unknown}
Comestibles
 c - 5 rations
 d - 2 chunks of flesh


   Skills:
 - Level 2.4 Dodging
 - Level 2.4 Stealth
 + Level 10.0 Spellcasting
 + Level 8.8 Conjurations
 + Level 8.8 Fire Magic


You had 15 spell levels left.
You knew the following spells:

 Your Spells              Type           Power        Failure   Level  Hunger
h - Flame Tongue          Conj/Fire      #####        1%          1    None
j - Sticky Flame          Conj/Fire      #####...     1%          4    ##.....
l - Conjure Flame         Conj/Fire      #####...     1%          3    None
B - Blink                 Tloc           N/A          9%          2    None

Your spell library contained the following spells:

 Spells                   Type           Power        Failure   Level  Hunger
 Magic Dart               Conj           ####         1%          1    None
 Throw Flame              Conj/Fire      #####.       1%          2    None
 Inner Flame              Hex/Fire       ####....     3%          3    None
 Fireball                 Conj/Fire      #####.....   4%          5    ####...
 Mephitic Cloud           Conj/Pois/Air  ###.....     5%          3    None
 Call Imp                 Summ           ##......     9%          2    None
 Slow                     Hex            ##......     9%          2    None


Dungeon Overview and Level Annotations

Branches:
Dungeon (6/15)
 Temple: D:4-7

Altars:
Uskayaw
Xom


Message History

Confirm with . or Enter, or press ? or * to list all spells.
Aiming: Sticky Flame (safe; 1% risk of failure)
Press: ? - help, Shift-Dir - straight line, f/p - bullfrog
Aim: a bullfrog (heavily wounded, covered in liquid flames)
The sticky flame hits the centaur.
The centaur is moderately wounded.
The centaur is covered in liquid flames!
The bullfrog burns!
The centaur burns!
The centaur unwields a +0 shortbow.
The centaur hits you but does no damage.
The bullfrog hits you but does no damage.
Casting: Sticky Flame (safe; 1% risk of failure)
Confirm with . or Enter, or press ? or * to list all spells.
Aiming: Flame Tongue (safe; 1% risk of failure)
Press: ? - help, Shift-Dir - straight line, f/p - bullfrog
Aim: a bullfrog (severely wounded, covered in liquid flames)
The flame tongue hits the bullfrog.
The bullfrog is severely wounded.
The bullfrog burns!
The centaur burns!
The centaur closely misses you. The bullfrog hits you.
You die...

#.$......####<###...##...
#......<..........$.../.
#........####..........
#........# ######....
#..%.....# #...##
######.### #.#..# . #.###
### ###..#(##....
#.#8###8###8#(.(.......#
#.....@F.......##.......
#......c......## ##....#
#.............# ....#
###8###8###8### #### ###
### ###


You could see a bullfrog (burning) and a centaur (burning).

Vanquished Creatures
  A centaur (D:5)
  2 orc wizards (D:3)
  4 adders
  3 leopard geckos
  3 orcs
  2 goblins
  2 jackals (D:3)
  3 kobolds
  A quokka (D:6)
  3 bats
  A frilled lizard (D:1)
  A leopard gecko skeleton (D:5)
  A rat (D:2)
27 creatures vanquished.

Notes
Turn   | Place    | Note
-------+----------+-------------------------------------------
     0 | D:1      | Duffy the Deep Elf Fire Elementalist began the quest for
                  | the Orb.
     0 | D:1      | Reached XP level 1. HP: 10/10 MP: 6/6
   402 | D:2      | Reached XP level 2. HP: 6/15 MP: 4/8
   667 | D:3      | Reached XP level 3. HP: 18/19 MP: 5/9
   672 | D:3      | Learned a level 3 spell: Conjure Flame
   970 | D:3      | Reached XP level 4. HP: 15/24 MP: 5/11
   989 | D:3      | Learned a level 4 spell: Sticky Flame
  1307 | D:4      | Reached skill level 4 in Spellcasting
  1467 | D:4      | Found a shimmering altar of Xom.
  1599 | D:4      | Learned a level 2 spell: Blink
  1600 | D:5      | Entered Level 5 of the Dungeon
  1666 | D:5      | Noticed a centaur
  1683 | D:5      | Killed a centaur
  1683 | D:5      | Reached XP level 5. HP: 22/28 MP: 5/13
  1760 | D:6      | Found a hide-covered altar of Uskayaw.
  1789 | D:6      | Got a translucent dagger
  1790 | D:6      | Identified the +2 dagger "Raibo" {pierce, Str+2} (You found
                  | it on level 6 of the Dungeon)
  1819 | D:6      | Got a pair of fine gloves
  1825 | D:6      | Identified the +1 pair of gloves of Fun and Games {MR+}
                  | (You found it on level 6 of the Dungeon)
  1853 | D:6      | Noticed a centaur
  1862 | D:6      | Reached skill level 10 in Spellcasting
  1862 | D:6      | Reached XP level 6. HP: 6/32 MP: 14/21
  1868 | D:6      | Slain by a bullfrog

Vault maps used:
D:1:      lemuel_arrival_room
D:2:      nicolae_dithmenos_shadow_blocks, nicolae_overflow_hidden_temple
D:3:      lemuel_doored_altar, nicolae_ru_awakened_eye, interstate_on_off
D:4:      xom_teletrap_fun, marbit_many_paths, first_ration
D:5:      minmay_temple_entry_crystal_x, gammafunk_ghost_arena
D:6:      elyvilon_altar_5, kennysheep_little_box, enter_ossuary_2,
          serial_corexii_hall, corexii_hall_statues_i, corexii_hall_statues_t,
          corexii_hall_statues_i, chequers_hall_statues_corner_a

Skill      XL: |  1  2  3  4  5 |
---------------+----------------+-----
Conjurations   | 2 3 4 8 |  8.8
Spellcasting   | 4 10 | 10.0
Fire Magic     | 4 8 |  8.8
Dodging        | |  2.4
Stealth        | |  2.4

Action                   |  1- 3 |  4- 6 || total
-------------------------+-------+-------++-------
 Cast: Flame Tongue      |    29 |    37 ||    66
       Sticky Flame      |       |     3 ||     3
  Use: Potion            |       |     2 ||     2
  Eat: Chunk             |       |     2 ||     2
Armor: Robe              |     2 |     5 ||     7
Dodge: Dodged            |     6 |    22 ||    28

Table legend:
 A = Non-vault XP
 B = Vault XP
 C = Vault XP percentage of total XP
 D = Non-vault monster count
 E = Vault monster count
 F = Vault count percentage of total count
                 A         B        C        D         E       F
            +---------+---------+-------+---------+---------+-------
      Total |     294 |       0 |   0.0 |      27 |       0 |   0.0
            +---------+---------+-------+---------+---------+-------
        D:1 |       6 |       0 |   0.0 |       4 |       0 |   0.0
        D:2 |      30 |       0 |   0.0 |       6 |       0 |   0.0
        D:3 |     114 |       0 |   0.0 |      10 |       0 |   0.0
        D:4 |      22 |       0 |   0.0 |       4 |       0 |   0.0
        D:5 |     120 |       0 |   0.0 |       2 |       0 |   0.0
        D:6 |       2 |       0 |   0.0 |       1 |       0 |   0.0
            +---------+---------+-------+---------+---------+-------
